 Dungeon Crawl Stone Soup version 0.22-a0-455-ga0624bf (webtiles) character file.

191 pk666 the Magician (level 5, -6/28 HPs)
             Began as a Deep Elf Fire Elementalist on June 5, 2018.
             Engulfed by a cloud of steam (8 damage)
             ... on level 3 of the Dungeon.
             The game lasted 00:04:42 (2393 turns).

pk666 the Magician (Deep Elf Fire Elementalist)     Turns: 2393, Time: 00:04:42

Health: -6/28      AC:  3    Str:  5    XL:     5   Next: 41%
Magic:  10/13      EV: 13    Int: 21    God:
Gold:   159        SH:  0    Dex: 15    Spells: 12/13 levels left

rFire    . . .     SeeInvis .   (no weapon)
rCold    + . .     Gourm    .   (no shield)
rNeg     . . .     Faith    .   a - +0 robe
rPois    .         Spirit   .   (no helmet)
rElec    .         Reflect  .   f - +0 cloak
rCorr    .         Harm     .   (no gloves)
MR       .....                  (no boots)
Stlth    ++........             (no amulet)
HPRegen  0.09/turn              h - ring of protection from cold
MPRegen  0.13/turn              (no ring)

@: no status effects
A: no striking features
a: no special abilities


You were on level 3 of the Dungeon.
You were not hungry.

You visited 1 branch of the dungeon, and saw 3 of its levels.

You collected 159 gold pieces.

Inventory:

Armour
 a - a +0 robe (worn)
 f - a +0 cloak (worn)
Jewellery
 h - a ring of protection from cold (left hand)
Scrolls
 e - a scroll of immolation {unknown}
 g - a scroll of teleportation {unknown}
 i - 4 scrolls of identify {unknown}
 j - a scroll of remove curse {unknown}
 k - a scroll of enchant weapon {unknown}
 l - a scroll of fog {unknown}
 m - a scroll of fear {unknown}
 n - a scroll of magic mapping {unknown}
 o - a scroll of random uselessness {unknown}
Potions
 b - a potion of haste {unknown}
 d - 2 potions of brilliance {unknown}
 p - a potion of heal wounds {unknown}
 q - a potion of curing {unknown}
Comestibles
 c - 4 rations


   Skills:
 - Level 2.4 Dodging
 - Level 2.4 Stealth
 + Level 4.5 Spellcasting
 * Level 4.2 Conjurations
 + Level 4.3 Fire Magic


You had 12 spell levels left.
You knew the following spells:

 Your Spells              Type           Power        Failure   Level  Hunger
a - Flame Tongue          Conj/Fire      ###..        1%          1    None

Your spell library contained the following spells:

 Spells                   Type           Power        Failure   Level  Hunger
 Fireball                 Conj/Fire      ###.......   47%         5    ######.
 Conjure Flame            Conj/Fire      ###.....     6%          3    ##.....
 Throw Flame              Conj/Fire      ###...       3%          2    #......
 Sticky Flame             Conj/Fire      ###.....     19%         4    ####...
 Inner Flame              Hex/Fire       ##......     14%         3    ##.....


Dungeon Overview and Level Annotations

Branches:
Dungeon (3/15)

Altars:
Nemelex Xobeh
The Shining One


Message History

Moving in this stuff is going to be slow.
You are engulfed in a cloud of scalding steam.
Ouch! That really hurt!
You see here a bat corpse.
You butcher the bat corpse.
You are engulfed in a cloud of scalding steam.
* * * LOW HITPOINT WARNING * * *
You see here a chunk of flesh.
There isn't anything to butcher here.
Really walk into that cloud of steam?
Okay, then.
Casting: Flame Tongue (safe; 1% risk of failure)
Confirm with . or Enter, or press ? or * to list all spells.
Aiming: Flame Tongue (safe; 1% risk of failure)
Press: ? - help, Shift-Dir - straight line, f - giant cockroach
Aim: a giant cockroach (steam)
The flame tongue hits the giant cockroach.
The giant cockroach is moderately wounded.
You are engulfed in a cloud of scalding steam.
You die...

#..# #..# #.
#..#
#.#.####.##
#.#......# #
###.######.#
.............#
#...##.....###
..♣...P@.#.#
..≈.≈≈≈s♣#.#
≈≈≈≈≈§§≈...#
P≈≈≈≈≈§.≈..#
≈≈≈≈≈≈.≈≈P.#
≈.≈≈♣≈≈.P..#
≈≈P≈≈.≈≈...#
P#....P#.###
###### .#


You could see a giant cockroach.

Vanquished Creatures
  A black bear (D:3)
  4 adders
  An ooze (D:1)
  2 worms
  A dart slug (D:1)
  2 leopard geckos
  8 bats
  2 giant cockroaches
  5 goblins
  4 hobgoblins
  2 jackals (D:1)
  A quokka (D:3)
  3 ball pythons
  3 frilled lizards
  8 kobolds
  5 rats
52 creatures vanquished.

Notes
Turn   | Place    | Note
-------+----------+-------------------------------------------
     0 | D:1      | pk666 the Deep Elf Fire Elementalist began the quest for the Orb.
     0 | D:1      | Reached XP level 1. HP: 10/10 MP: 6/6
   143 | D:1      | Reached XP level 2. HP: 15/15 MP: 5/8
   870 | D:2      | Reached XP level 3. HP: 17/19 MP: 7/10
  1463 | D:2      | Reached XP level 4. HP: 24/24 MP: 7/11
  1901 | D:3      | Found a glowing golden altar of the Shining One.
  1913 | D:3      | Found a sparkling altar of Nemelex Xobeh.
  1919 | D:3      | Noticed a black bear
  1924 | D:3      | Killed a black bear
  1924 | D:3      | Reached XP level 5. HP: 8/28 MP: 3/13
  2393 | D:3      | Engulfed by a cloud of steam

Vault maps used:
D:1:      minmay_arrival_cross, minivault_26, minmay_shallow_snake_nest
D:2:      serial_forest, infiniplex_forest_corner_1,
          infiniplex_forest_lined_4_way, infiniplex_forest_lined_3,
          infiniplex_forest_pool, infiniplex_forest_lined_2,
          infiniplex_forest_3_way
D:3:      grunt_temple_overflow_open, minmay_misc_feat_chi, roderic_lattice_a,
          serial_bayou_pond_b, roderic_roman_lattice, hangedman_glass_garden

Skill      XL: |  1  2  3  4 |
---------------+-------------+-----
Conjurations   | 2 3 4 |  4.2
Spellcasting   | 4 |  4.5
Fire Magic     | 4 |  4.3
Dodging        | |  2.4
Stealth        | |  2.4

Action                   |  1- 3 |  4- 6 || total
-------------------------+-------+-------++-------
Melee: Unarmed           |       |     1 ||     1
 Cast: Flame Tongue      |    62 |    28 ||    90
  Eat: Chunk             |     1 |     3 ||     4
Armor: Robe              |     3 |     1 ||     4
Dodge: Dodged            |     6 |     5 ||    11

Table legend:
 A = Spawn XP
 B = Non-spawn XP
 C = Spawn XP percentage of total XP
 D = Spawn monster count
 E = Non-spawn monster count
 F = Spawn count percentage of total count
 G = Total turns spent on level
                    A         B        C        D         E        F      G
               +---------+---------+-------+---------+---------+-------+---------
         Total |       0 |     273 |   0.0 |       0 |      52 |   0.0 |  2393
               +---------+---------+-------+---------+---------+-------+---------
           D:1 |       0 |      34 |   0.0 |       0 |      16 |   0.0 |   758
           D:2 |       0 |      76 |   0.0 |       0 |      24 |   0.0 |  1074
           D:3 |       0 |     163 |   0.0 |       0 |      12 |   0.0 |   561
               +---------+---------+-------+---------+---------+-------+---------
